 Dungeon Crawl Stone Soup version 0.27.1-1-g398f81649c (webtiles) character file.

Game seed: 13024104627137375720

17 Metae the Firebug (level 2, -3/15 HPs)
             Began as a Deep Elf Fire Elementalist on Sept 14, 2021.
             Slain by a hobgoblin (4 damage)
             ... on level 2 of the Dungeon.
             The game lasted 00:04:26 (1190 turns).

Metae the Firebug (Deep Elf Fire Elementalist)      Turns: 1190, Time: 00:04:26

Health: -3/15      AC:  2    Str:  5    XL:     2   Next: 44%
Magic:  4/8        EV: 13    Int: 19    God:
Gold:   30         SH:  0    Dex: 15    Spells: 6/7 levels left

rFire    . . .     SeeInvis .   e - +0 dagger (elec)
rCold    . . .     Faith    .   (no shield)
rNeg     . . .     Spirit   .   a - +0 robe
rPois    .         Reflect  .   (no helmet)
rElec    .         Harm     .   (no cloak)
rCorr    .         Rampage  .   (no gloves)
Will     .....                  (no boots)
Stlth    ++........             (no amulet)
HPRegen  0.05/turn              (no ring)
MPRegen  0.11/turn              (no ring)

@: no status effects
A: no striking features
a: no special abilities


You were on level 2 of the Dungeon.
You visited 1 branch of the dungeon, and saw 2 of its levels.

You collected 30 gold pieces.

Inventory:

Hand Weapons
 e - a +0 dagger of electrocution (weapon)
Missiles
 b - 79 stones
 f - 23 sling bullets
Armour
 a - a +0 robe (worn)
Scrolls
 c - a scroll of silence {unknown}
 d - a scroll of noise {unknown}
 g - a scroll of teleportation {unknown}


   Skills:
 + Level 0.4 Short Blades
 - Level 2.7 Dodging
 + Level 2.7 Stealth
 + Level 3.2 Spellcasting
 + Level 1.5 Conjurations
 + Level 3.5 Fire Magic


You had 6 spell levels left.
You knew the following spells:

 Your Spells              Type           Power      Damage    Failure   Level
a - Foxfire               Conj/Fire      48%        2x1d6     5%          1

Your spell library contained the following spells:

 Spells                   Type           Power      Damage    Failure   Level
 Conjure Flame            Conj/Fire      12%        6-21      16%         3
 Inner Flame              Hex/Fire       9%         N/A       22%         3
 Sticky Flame             Conj/Fire      12%        2d4       45%         4
 Fireball                 Conj/Fire      6%         3d5       82%         5


Dungeon Overview and Level Annotations

Branches:
Dungeon (2/15)

Altars:


Message History

Confirm with . or Enter, or press ? or * to list all spells.
You conjure some foxfire!
The dart slug launches a dart at you. The slug dart hits you.
Your foxfire dissipates!
A hobgoblin comes into view.
The foxfire hits the dart slug.
The dart slug is moderately wounded.
The dart slug launches a dart at you. The slug dart hits you.
Casting: Foxfire (safe; 5% risk of failure)
Confirm with . or Enter, or press ? or * to list all spells.
You conjure some foxfire!
The hobgoblin shouts!
Your foxfire dissipates!
The foxfire hits the dart slug.
The dart slug is severely wounded.
Your magical contamination has completely faded away.
Casting: Foxfire (safe; 5% risk of failure)
Confirm with . or Enter, or press ? or * to list all spells.
You conjure some foxfire!
The foxfire hits the dart slug.
The dart slug is almost dead.
The dart slug launches a dart at you. The slug dart hits you.
* * * LOW HITPOINT WARNING * * *
The foxfire hits the dart slug but does no damage.
The dart slug is almost dead.
Casting: Foxfire (safe; 5% risk of failure)
Confirm with . or Enter, or press ? or * to list all spells.
You conjure some foxfire!
The foxfire hits the hobgoblin.
The hobgoblin is heavily wounded.
The foxfire hits the hobgoblin.
The hobgoblin is severely wounded.
The hobgoblin hits you.
* * * LOW HITPOINT WARNING * * *
You aren't carrying any potions.
The hobgoblin hits you.
You die...

## #.###.#.#..
#..#####.##......
#............##
#..##.........###.#
##..............
#.#...w.....####.#
#...........#
##...#.g...##
#...#..@..##
#.g#.......#
....#.......#
###.#....†..#
##....<## #.....##
#.##### #.. #..#


You could see a dart slug and a hobgoblin.

Vanquished Creatures
  A worm (D:2)
  A dart slug (D:2)
  A giant cockroach (D:1)
  A goblin (D:1)
  A hobgoblin (D:1)
  A quokka (D:2)
  A ball python (D:1)
  A bat (D:1)
  A frilled lizard (D:1)
  2 kobolds (D:1)
  2 rats (D:1)
13 creatures vanquished.

Vanquished Creatures (others)
  39 foxfires
39 creatures vanquished.

Grand Total: 52 creatures vanquished

Notes
Turn   | Place    | Note
-------+----------+-------------------------------------------
     0 | D:1      | Metae the Deep Elf Fire Elementalist began the quest for
                  | the Orb.
     0 | D:1      | Reached XP level 1. HP: 10/10 MP: 6/6
   642 | D:1      | Reached XP level 2. HP: 15/15 MP: 5/8
  1190 | D:2      | Slain by a hobgoblin

Illustrated notes

Levels and vault maps discovered:
D:1:      erik_arrival_blinker_ship, layout_basic
D:2:      layout_rooms, basic_altar, uniq_crazy_yiuf_cottage

Action                   || total
-------------------------++-------
Melee: Dagger            ||     5
 Cast: Foxfire           ||    29
Armor: Robe              ||     4
Dodge: Dodged            ||     6
